 Dungeon Crawl Stone Soup version 0.23.2-40-g277498a001 (webtiles) character file.

Game seed: 5410398243118406600

56535 KamiKatze the Impaler (level 14, -4/113 HPs)
             Began as a Merfolk Gladiator on Sept 5, 2019.
             Was the Champion of Okawaru.
             Slain by an ogre
             ... wielding a +0 giant spiked club
              (15 damage)
             ... on level 2 of the Orcish Mines.
             The game lasted 01:36:41 (20343 turns).

KamiKatze the Impaler (Merfolk Gladiator)          Turns: 20343, Time: 01:36:42

Health: -4/113     AC: 26    Str: 20    XL:     14   Next: 82%
Magic:  16/20      EV: 20    Int: 10    God:    Okawaru [******]
Gold:   2397       SH:  0    Dex: 15    Spells: 13/13 levels left

rFire    + . .     SeeInvis .   a - +12 glaive "Uminwiedor" {flame, rC++}
rCold    + . .     Gourm    .   (shield currently unavailable)
rNeg     . . .     Faith    .   m - +3 plate armour
rPois    .         Spirit   .   w - +1 hat {Int+3}
rElec    .         Reflect  .   K - +0 cloak
rCorr    .         Harm     .   C - +1 pair of gloves
MR       +....                  J - +0 pair of boots
Stlth    ..........             Q - amulet of regeneration
HPRegen  0.68/turn              e - +5 ring of evasion
MPRegen  0.17/turn              T - ring of fire

@: about to teleport, heroism, finesse, slowed, very slow
A: change form in water, swift swim, stealthy swim
a: Heroism, Finesse, Renounce Religion


You were on level 2 of the Orcish Mines.
You worshipped Okawaru.
Okawaru was exalted by your worship.
You were not hungry.

You visited 4 branches of the dungeon, and saw 21 of its levels.
You also visited: Volcano.

You collected 2433 gold pieces.
You spent 36 gold pieces at shops.

Inventory:

Hand Weapons
 a - the +12 glaive "Uminwiedor" (weapon) {flame, rC++}
   (Okawaru gifted it to you on level 6 of the Lair of Beasts)

   It has been specially enchanted to burn those struck by it, causing extra
   injury to most foes and up to half again as much damage against particularly
   susceptible opponents.
   Big, fiery blades are also staple armaments of hydra-hunters.
   It greatly protects you from cold.
 b - a +1 halberd of venom
 q - a +0 blowgun
Missiles
 h - 9 needles of confusion
 k - 2 javelins of penetration (quivered)
 n - 2 javelins of returning
 t - 27 tomahawks
 u - 65 poisoned needles
 F - 6 needles of sleeping
Armour
 m - a +3 plate armour (worn)
 w - a +1 hat of intelligence (worn)
 C - a +1 pair of gloves (worn)
 J - a +0 pair of boots (worn)
 K - a +0 cloak (worn)
Jewellery
 e - a +5 ring of evasion (left hand)
 r - an uncursed ring of protection from cold
 v - an uncursed ring of resist corrosion
 Q - an amulet of regeneration (around neck)
 T - a ring of fire (right hand)
 W - an uncursed ring of poison resistance
Wands
 o - a wand of polymorph (24)
 A - a wand of iceblast (18)
 M - a wand of paralysis (18)
 S - a wand of enslavement (8)
 U - a wand of scattershot (6)
 V - a wand of acid (9)
 Y - a wand of clouds (7)
Scrolls
 g - 9 scrolls of remove curse
 j - a scroll of fear
 I - 2 scrolls of fog
 R - 6 scrolls of identify
Potions
 i - a potion of might
 l - 4 potions of flight
 p - a potion of berserk rage
 x - 7 potions of curing
 z - a potion of ambrosia
 B - 2 potions of cancellation
 D - a potion of magic
 P - a potion of lignification
 X - 4 potions of agility
Miscellaneous
 N - a lamp of fire
Comestibles
 c - 16 chunks of flesh
 f - 34 rations


   Skills:
 + Level 11.1(16.1) Fighting
 * Level 19.0(24.0) Polearms
 - Level 6.0(11.0) Throwing
 * Level 10.1(15.1) Armour
 - Level 12.0(17.0) Dodging
 + Level 9.1 Invocations
 - Level 4.0 Evocations


You had 13 spell levels left.
You didn't know any spells.
Your spell library contained the following spells:

 Spells                   Type           Power        Failure   Level  Hunger
 Magic Dart               Conj           #...         99%         1    ##.....
 Shock                    Conj/Air       #...         99%         1    ##.....
 Blink                    Tloc           N/A          100%        2    ###....
 Call Imp                 Summ           #.......     100%        2    ###....
 Slow                     Hex            #.......     100%        2    ###....
 Swiftness                Chrm/Air       #.......     100%        2    ###....
 Conjure Flame            Conj/Fire      #.......     100%        3    ####...
 Mephitic Cloud           Conj/Pois/Air  #.......     100%        3    ####...
 Recall                   Summ/Tloc      N/A          100%        3    ####...
 Static Discharge         Conj/Air       #.......     100%        3    ####...
 Airstrike                Air            #.........   100%        4    #####..
 Animate Dead             Necr           N/A          100%        4    #####..
 Borgnjor's Vile Clutch   Necr/Erth      #.........   100%        5    ######.
 Lightning Bolt           Conj/Air       #.........   100%        5    ######.
 Death Channel            Necr           #.........   100%        6    #######
 Simulacrum               Ice/Necr       #.........   100%        6    #######


Dungeon Overview and Level Annotations

Branches:
Dungeon (12/15)            Temple (1/1) D:7            Lair (6/6) D:11
 Shoals (0/4) Lair:4        Snake (0/4) Lair:2        Slime (0/5) Lair:6
    Orc (2/2) D:11            Elf (0/3) Orc:2

Altars:
Ashenzari
Cheibriados
Dithmenos
Elyvilon
Fedhas
Gozag
Hepliaklqana
Kikubaaqudgha
Makhleb
Nemelex Xobeh
Okawaru
Qazlal
Ru
Sif Muna
Trog
Uskayaw
Vehumet
Wu Jian
Xom
Yredelemnul
Zin
The Shining One
Beogh

Shops:
D:12 *

Annotations:
D:5 2 exclusions
D:10 3 exclusions
Lair:2 exclusion: 4 oklob plants
Lair:6 1 runed translucent door, Ezxerur's ghost, journeyman KoMo


Message History

The troll claws you but does no damage. The troll closely misses you.
The two-headed ogre hits you but does no damage. x2
Items here: )) †† a +0 giant spiked club; a +0 giant club; an ogre corpse x2
The two-headed ogre closely misses you. The two-headed ogre barely misses you.
The two-headed ogre barely misses you. x2; The ogre completely misses you.
The troll closely misses you. The troll completely misses you.
The troll claws you.
* * * LOW HITPOINT WARNING * * *
The two-headed ogre misses you.
The two-headed ogre hits you with a cursed -2 giant spiked club.
* * * LOW HITPOINT WARNING * * *
Your magical contamination has completely faded away.
As you read the scroll of teleportation, it crumbles to dust.
You feel strangely unstable.
The two-headed ogre completely misses you.
The two-headed ogre hits you with a cursed -2 giant spiked club!
* * * LOW HITPOINT WARNING * * *
The ogre hits you with a +0 giant spiked club!
You die...

.....................#
......................
......................
.............o........
............4.OO......
............O)O.......
............##O......#
...........OOT...#..##
............@O.##...#
.............## .##
...........## #
#..##.#.## ## ####


You could see 3 two-headed ogres, a troll and 3 ogres.

Vanquished Creatures
  An orc warlord (D:11)
  6 hydras
  3 catoblepae (Lair:6)
  10 two-headed ogres
  5 death yaks (Lair:6)
  Urug (Orc:2)
  A sun demon (Volcano)
  5 wizards (D:10)
  A deep elf mage (D:10)
  An ugly thing (Volcano)
  2 orc sorcerers
  A merfolk siren (Lair:4)
  3 manticores
  7 elephants (Lair:6)
  5 black mambas
  Psyche (D:8)
  3 centaur skeletons
  2 molten gargoyles (Volcano)
  10 spiny frogs
  7 komodo dragons
  2 rime drakes
  2 red devils (Volcano)
  4 trolls
  Prince Ribbit (D:8)
  8 blink frogs
  5 dream sheep (Lair:4)
  12 hippogriffs
  Sigmund (D:5)
  A wraith (D:10)
  A human (D:7)
  2 fire bats (Volcano)
  2 wyverns
  4 hogs (D:7)
  17 yaks
  4 hungry ghosts
  2 wargs
  Menkaure (D:5)
  A naga (Lair:2)
  9 water moccasins
  A hell hound (Volcano)
  12 porcupines
  2 ice beasts
  A sky beast (D:7)
  14 orc warriors
  21 ogres
  A phantom (D:6)
  16 wolves
  4 centaurs
  11 crocodiles
  7 big kobolds
  12 bullfrogs
  A wyvern zombie (D:8)
  2 scorpions
  A wyvern skeleton (D:10)
  An electric eel (Lair:3)
  3 howler monkeys
  5 lava snakes (Volcano)
  3 centaur zombies
  5 crimson imps
  4 hounds
  A bullfrog skeleton (D:9)
  Crazy Yiuf (D:7)
  15 orc priests
  2 iguanas
  17 orc wizards
  4 worker ants
  2 hound skeletons
  A worker ant zombie (D:7)
  7 gnolls
  A howler monkey skeleton (D:4)
  11 adders
  4 shadow imps
  An adder skeleton (D:7)
  2 worms (D:2)
  4 dart slugs
  10 leopard geckos
  46 orcs
  A ball python (D:3)
  6 bats
  2 giant cockroaches
  9 hobgoblins
  3 jackals (D:1)
  41 kobolds
  6 quokkas
  2 frilled lizards
  10 goblins
  2 leopard gecko skeletons (D:4)
  9 rats
  13 plants
514 creatures vanquished.

Vanquished Creatures (others)
  A bush (Lair:2)
  A fungus (Lair:4)
  8 plants
10 creatures vanquished.

Grand Total: 524 creatures vanquished

Notes
Turn   | Place    | Note
-------+----------+-------------------------------------------
     0 | D:1      | KamiKatze the Merfolk Gladiator began the quest for the
                  | Orb.
     0 | D:1      | Reached XP level 1. HP: 16/16 MP: 1/1
   162 | D:1      | Reached XP level 2. HP: 23/23 MP: 2/2
   193 | D:1      | Reached skill level 5 in Polearms
   833 | D:2      | Reached XP level 3. HP: 28/28 MP: 3/3
  1438 | D:2      | Reached skill level 6 in Polearms
  1726 | D:3      | Reached XP level 4. HP: 35/35 MP: 4/4
  2378 | D:2      | Reached skill level 7 in Polearms
  2590 | D:2      | Reached XP level 5. HP: 28/41 MP: 5/5
  3040 | D:4      | Reached skill level 8 in Polearms
  3054 | D:4      | Reached XP level 6. HP: 48/48 MP: 6/6
  3233 | D:3      | Reached skill level 9 in Polearms
  3493 | D:4      | Reached XP level 7. HP: 47/55 MP: 7/7
  3531 | D:3      | Reached skill level 5 in Fighting
  4212 | D:4      | Found a hide-covered altar of Uskayaw.
  4540 | D:4      | Noticed a +0 dagger
  4540 | D:4      | Noticed a +0 dagger
  4696 | D:5      | Entered Level 5 of the Dungeon
  5173 | D:5      | Noticed Sigmund
  5182 | D:5      | Killed Sigmund
  5182 | D:5      | Reached skill level 10 in Polearms
  5182 | D:5      | Reached skill level 1 in Armour
  5182 | D:5      | Reached skill level 1 in Evocations
  5360 | D:5      | Reached XP level 8. HP: 62/62 MP: 9/9
  5754 | D:6      | Noticed Menkaure
  5764 | D:5      | HP: 1/63 [Menkaure (10)]
  5770 | D:5      | Killed Menkaure
  6014 | D:6      | Reached skill level 5 in Dodging
  6335 | D:6      | Found an ancient bone altar of Kikubaaqudgha.
  6338 | D:6      | Found a deep blue altar of Sif Muna.
  6339 | D:6      | Found a burning altar of Makhleb.
  6339 | D:6      | Found a shattered altar of Ashenzari.
  6339 | D:6      | Found a glowing silver altar of Zin.
  6341 | D:6      | Found a shimmering altar of Xom.
  6344 | D:6      | Found a sacrificial altar of Ru.
  6405 | D:6      | Reached skill level 11 in Polearms
  6610 | D:6      | Reached XP level 9. HP: 59/69 MP: 10/10
  6795 | D:7      | Found an ornate altar of the Wu Jian Council.
  6963 | D:7      | Got an encrusted scythe
  6964 | D:7      | Identified the +4 scythe of Reinforcement {drain, Dex+4}
                  | (You found it on level 7 of the Dungeon)
  7066 | D:7      | Reached skill level 12 in Polearms
  7242 | D:7      | Found a staircase to the Ecumenical Temple.
  7247 | D:7      | Found a glowing golden altar of the Shining One.
  7251 | Temple   | Entered the Ecumenical Temple
  7345 | Temple   | Became a worshipper of Warmaster Okawaru
  7468 | D:7      | Found a snail-covered altar of Cheibriados.
  7517 | D:7      | Reached skill level 1 in Invocations
  7673 | D:7      | Found a runed translucent door.
  7674 | D:7      | Noticed Crazy Yiuf
  7680 | D:7      | Killed Crazy Yiuf
  7909 | D:8      | Found a stormy altar of Qazlal.
  7937 | D:8      | Noticed Prince Ribbit
  7987 | D:8      | Noticed Psyche
  7995 | D:8      | Killed Psyche
  7995 | D:8      | Reached * piety under Okawaru
  7995 | D:8      | Reached XP level 10. HP: 44/79 MP: 11/11
  8012 | D:8      | Found a white marble altar of Elyvilon.
  8097 | D:8      | Killed Prince Ribbit
  8458 | D:8      | Found a basalt altar of Yredelemnul.
  8970 | D:9      | Reached skill level 13 in Polearms
  9021 | D:9      | Reached skill level 5 in Throwing
  9115 | D:9      | Reached skill level 5 in Armour
  9522 | D:10     | Entered Level 10 of the Dungeon
  9522 | D:10     | Noticed a deep elf mage
  9550 | D:10     | Killed a deep elf mage
  9550 | D:10     | Reached ** piety under Okawaru
  9922 | D:10     | Reached XP level 11. HP: 83/85 MP: 13/13
  9925 | D:10     | Noticed a wizard
  9949 | D:10     | Killed a wizard
  9949 | D:10     | Reached *** piety under Okawaru
  9989 | D:10     | Noticed a wizard
 10009 | D:10     | Killed a wizard
 10009 | D:10     | Reached skill level 14 in Polearms
 10011 | D:10     | Noticed a wizard
 10037 | D:10     | Killed a wizard
 10124 | D:10     | Noticed a wizard
 10127 | D:10     | Noticed a wizard
 10136 | D:10     | Killed a wizard
 10406 | D:10     | Noticed a wizard
 10424 | D:10     | Killed a wizard
 10920 | D:11     | Reached **** piety under Okawaru
 11132 | D:11     | Found a staircase to the Orcish Mines.
 11205 | D:11     | Found a staircase to the Lair.
 11435 | D:12     | Noticed a two-headed ogre
 11445 | D:12     | Killed a two-headed ogre
 11497 | D:12     | Noticed a manticore
 11515 | D:12     | Killed a manticore
 11515 | D:12     | Reached skill level 5 in Invocations
 11580 | D:12     | Found Arexylyx's Assorted Antiques.
 11583 | D:12     | Bought a scroll labeled TOAGAE TIZISCH for 36 gold pieces
 11686 | D:12     | Reached ***** piety under Okawaru
 11757 | Lair:1   | Entered Level 1 of the Lair of Beasts
 11849 | D:11     | Reached skill level 15 in Polearms
 11850 | D:11     | Received a gift from Okawaru
 11874 | D:11     | Reached XP level 12. HP: 83/94 MP: 15/15
 11960 | Lair:1   | Noticed an eight-headed hydra
 12004 | Lair:1   | Killed an eight-headed hydra
 12270 | Lair:1   | Received a gift from Okawaru
 12703 | Lair:2   | Noticed a seven-headed hydra
 12730 | Lair:2   | Killed a seven-headed hydra
 12935 | Lair:2   | Noticed a four-headed hydra
 13157 | Lair:1   | Killed a four-headed hydra
 13195 | Lair:1   | Reached skill level 10 in Dodging
 13247 | Lair:2   | Noticed a six-headed hydra
 13262 | Lair:2   | Killed a six-headed hydra
 13262 | Lair:2   | Received a gift from Okawaru
 13262 | Lair:2   | Reached skill level 16 in Polearms
 13315 | Lair:2   | Found a staircase to the Snake Pit.
 13862 | Lair:3   | Received a gift from Okawaru
 14265 | Lair:3   | Received a gift from Okawaru
 14275 | Lair:3   | Reached XP level 13. HP: 88/101 MP: 18/18
 14846 | Lair:4   | Received a gift from Okawaru
 15206 | Lair:4   | Found a staircase to the Shoals.
 15215 | Lair:4   | Received a gift from Okawaru
 15890 | Lair:5   | Reached skill level 17 in Polearms
 16131 | Lair:5   | Got a slimy plate armour
 16179 | Lair:5   | Identified the cursed +1 plate armour of Cowardice {Int+5
                  | Dex-5} (You found it on level 5 of the Lair of Beasts)
 16741 | Lair:6   | Entered Level 6 of the Lair of Beasts
 16762 | Lair:6   | Found a staircase to the Slime Pits.
 16765 | Lair:6   | Noticed Ezxerur's ghost (journeyman KoMo)
 16766 | Lair:6   | Found a runed translucent door.
 16810 | Lair:6   | Reached skill level 10 in Fighting
 16853 | Lair:6   | Reached ****** piety under Okawaru
 17018 | Lair:6   | Received a gift from Okawaru
 17177 | Lair:6   | Received a gift from Okawaru
 17190 | Lair:6   | Found the +2 ratskin cloak {+Rats rPois rN+ Str-1 Int-1
                  | Dex+1}
 17764 | Lair:6   | Reached XP level 14. HP: 91/111 MP: 20/20
 17873 | Lair:6   | Reached skill level 18 in Polearms
 18140 | Lair:6   | Received a gift from Okawaru
 18147 | Lair:6   | Got a faintly glowing glaive {god gift}
 18148 | Lair:6   | Identified the +12 glaive "Uminwiedor" {flame, rC++}
                  | (Okawaru gifted it to you on level 6 of the Lair of Beasts)
 18492 | Orc:1    | Entered Level 1 of the Orcish Mines
 18586 | Orc:1    | Noticed an orc warlord
 18619 | D:11     | Killed an orc warlord
 18814 | Orc:2    | Entered Level 2 of the Orcish Mines
 18814 | Orc:2    | Found a roughly hewn altar of Beogh.
 18858 | Orc:1    | Found a roughly hewn altar of Beogh.
 19145 | Orc:2    | Found a dark tunnel.
 19154 | Volcano  | Entered a volcano
 19506 | Volcano  | Found a radiant altar of Vehumet.
 20076 | Orc:2    | Found a staircase to the Elven Halls.
 20114 | Orc:2    | Received a gift from Okawaru
 20211 | Orc:2    | Reached skill level 10 in Armour
 20277 | Orc:2    | Noticed Urug
 20296 | Orc:2    | Killed Urug
 20296 | Orc:2    | Reached skill level 19 in Polearms
 20312 | Orc:2    | Paralysed by an ogre mage for 5 turns
 20343 | Orc:2    | Slain by an ogre

Skill      XL: |  1  2  3  4  5  6  7  8  9 10 11 12 13 14 |
---------------+-------------------------------------------+-----
Polearms       | 5 6 7 8 9 10 11 12 13 15 16 17 19 | 19.0
Fighting       | 3 4 5 6 7 8 9 10 11 | 11.1
Armour         | 1 2 4 5 6 8 9 10 | 10.1
Evocations     | 1 2 4 |  4.0
Dodging        | 5 7 8 9 10 11 12 | 12.0
Throwing       | 3 4 5 6 |  6.0
Invocations    | 1 3 5 6 8 9 |  9.1

Action                   |  1- 3 |  4- 6 |  7- 9 | 10-12 | 13-15 || total
-------------------------+-------+-------+-------+-------+-------++-------
Melee: Trident           |   343 |   215 |   594 |   309 |    19 ||  1480
       Halberd           |       |       |     5 |   642 |   491 ||  1138
       Glaive            |       |       |       |       |   241 ||   241
 Fire: Blowgun           |       |       |       |     4 |       ||     4
Throw: Throwing net      |       |     1 |     1 |       |     1 ||     3
       Tomahawk          |       |       |    10 |     3 |    10 ||    23
       Javelin           |       |       |       |       |    22 ||    22
Invok: Heroism           |       |       |       |     4 |     1 ||     5
       Finesse           |       |       |       |       |     2 ||     2
 Abil: Evoke Berserk Rag |       |       |     1 |       |       ||     1
  Use: Scroll            |       |       |     8 |    17 |     7 ||    32
       Potion            |       |       |     2 |     1 |     3 ||     6
 Stab: Held in net/web   |       |     1 |       |       |       ||     1
  Eat: Chunk             |     3 |     6 |    17 |    27 |    17 ||    70
       Ration            |       |       |     1 |       |     1 ||     2
Armor: Leather armour    |     1 |       |       |       |       ||     1
       Ring mail         |    18 |    43 |    39 |       |       ||   100
       Plate armour      |       |       |   119 |   431 |   270 ||   820
Dodge: Dodged            |    66 |   140 |   265 |   682 |   460 ||  1613
